 Dungeon Crawl Stone Soup version 0.29-a0-878-g7b45a56547 (webtiles) character file.

Game seed: 15651231297191082295

149855 pikkel the Eclecticist (level 17, -9/99 HPs)
             Began as an Octopode Fire Elementalist on July 20, 2022.
             Was the Champion of Vehumet.
             Killed from afar by a shock serpent (30 damage)
             ... with a bolt of electricity
             ... on level 3 of the Snake Pit.
             The game lasted 01:47:25 (32652 turns).

pikkel the Eclecticist (OpFE)                      Turns: 32652, Time: 01:47:25

Health: -9/99      AC:  3    Str:  9    XL:     17   Next: 52%
Magic:  33/49      EV: 19    Int: 25    God:    Vehumet [******]
Gold:   2378       SH:  0    Dex: 14    Spells: 5/54 levels left

rFire   + + +      SeeInvis +   k - +1 dagger "Grim" {vorpal, *Noise rPois Int+3}
rCold   x x x      Faith    +   (no shield)
rNeg    . . .      Spirit   .   L - +2 hat
rPois   +          Reflect  .   d - amulet of faith
rElec   .          Harm     .   g - +4 ring of evasion
rCorr   .          Rampage  .   n - ring of fire
Will    ++...                   A - ring of wizardry
Stlth   ++++......              t - ring of fire
HPRegen 0.26/turn               w - ring of see invisible
MPRegen 0.31/turn               z - ring of willpower
                                N - ring of fire
                                M - ring of magical power

@: studying Long Blades
A: almost no armour, amphibious, 8 rings, camouflage 1, gelatinous body 1,
(nimble swimmer 1), tentacles
a: Renounce Religion


You were on level 3 of the Snake Pit.
You worshipped Vehumet.
Vehumet was exalted by your worship.
You visited 5 branches of the dungeon, and saw 26 of its levels.
You also visited: Trove, Gauntlet, Ice Cave and Volcano.

You collected 3479 gold pieces.
You spent 1101 gold pieces at shops.

Inventory:

Hand Weapons
 k - the +1 dagger "Grim" (weapon) {vorpal, *Noise rPois Int+3}
   (You found it on level 2 of the Dungeon)

   It inflicts extra damage upon your enemies.
   Int:       It affects your intelligence (+3).
   rPois:     It protects you from poison.
   *Noise:    It may make noises in combat.
Missiles
 D - 3 boomerangs of dispersal
 E - 2 throwing nets
 F - 6 curare-tipped darts
Armour
 G - a +2 buckler
 L - a +2 hat (worn)
Magical Staves
 b - a staff of conjuration
 p - a staff of fire
Jewellery
 d - an amulet of faith (around mantle)
 g - a +4 ring of evasion (left tentacle)
 j - a ring of ice
 n - a ring of fire (right tentacle)
 t - a ring of fire (on tentacle)
 w - a ring of see invisible (on tentacle)
 z - a ring of willpower (on tentacle)
 A - a ring of wizardry (on tentacle)
 M - a ring of magical power (on tentacle)
 N - a ring of fire (on tentacle)
Wands
 e - a wand of flame (31)
 H - a wand of mindburst (7)
 O - a wand of quicksilver (7)
 U - a wand of roots (6)
 Y - a wand of digging (8)
Scrolls
 c - 6 scrolls of magic mapping
 f - 6 scrolls of fog
 h - a scroll of torment
 i - 2 scrolls of enchant armour
 l - 15 scrolls of teleportation
 m - 6 scrolls of summoning
 q - 6 scrolls of immolation
 s - 3 scrolls of poison
 C - 3 scrolls of identify
 I - 3 scrolls of amnesia
 K - a scroll of brand weapon
 X - 9 scrolls of blinking
 Z - 3 scrolls of fear
Potions
 a - 2 potions of magic
 o - 9 potions of might
 r - 7 potions of cancellation
 v - 4 potions of heal wounds
 x - 4 potions of haste
 B - 5 potions of brilliance
 J - 3 potions of resistance
 Q - 3 potions of mutation
 T - 6 potions of curing
 W - 6 potions of flight
Miscellaneous
 u - a phantom mirror
 y - a tin of tremorstones (2/2)
 V - a phial of floods


   Skills:
 + Level 3.4 Fighting
 + Level 1.3 Short Blades
 + Level 5.1 Dodging
 + Level 4.2 Stealth
 * Level 5.0 Shields
 + Level 19.3 Spellcasting
 + Level 14.6 Conjurations
 + Level 5.1 Summonings
 + Level 2.0 Translocations
 + Level 15.2 Fire Magic
 + Level 3.3 Evocations


You had 5 spell levels left.
You knew the following spells:

 Your Spells              Type           Power      Damage    Failure   Level
a - Foxfire               Conj/Fire      100%       2x1d9     0%          1
b - Scorch                Fire           100%       2d10      0%          2
c - Fireball              Conj/Fire      73%        3d27      1%          5
d - Ignition              Fire           73%        3d19      3%          8
e - Starburst             Conj/Fire      73%        6d19      1%          6
f - Iskenderun's Mystic   Conj/Tloc      60%        2d13      1%          4
g - Conjure Flame         Conj/Fire      100%       6-21      0%          3
h - Orb of Destruction    Conj           39%        9d11      1%          7
i - Spellforged Servitor  Conj/Summ      32%        N/A       3%          7
j - Flame Wave            Conj/Fire      100%       2d17      1%          4
B - Blink                 Tloc           68%        N/A       1%          2

Your spell library contained the following spells:

 Spells                   Type           Power      Damage    Failure   Level
 Maxwell's Capacitive Co  Air            12%        ∞         100%        8
 Freeze                   Ice            96%        1d11      1%          1
 Shock                    Conj/Air       100%       1d9       1%          1
 Slow                     Hex            96%        N/A       1%          1
 Call Imp                 Summ           49%        N/A       1%          2
 Ensorcelled Hibernation  Hex/Ice        48%        N/A       1%          2
 Static Discharge         Conj/Air       57%        3-11/arc  1%          2
 Wereblood                Tmut           24%        N/A       1%          2
 Call Canine Familiar     Summ           49%        N/A       1%          3
 Dazzling Flash           Conj/Hex       100%       N/A       1%          3
 Frozen Ramparts          Ice            48%        1d6       1%          3
 Gell's Gravitas          Tloc           34%        N/A       1%          3
 Ignite Poison            Fire/Tmut/Pois 100%       N/A       1%          3
 Inner Flame              Hex/Fire       100%       N/A       1%          3
 Lesser Beckoning         Tloc           34%        N/A       1%          3
 Portal Projectile        Hex/Tloc       58%        N/A       1%          3
 Teleport Other           Tloc           34%        N/A       1%          3
 Fulminant Prism          Conj/Hex       28%        3d14      1%          4
 Hailstorm                Conj/Ice       57%        3d12      1%          4
 Sticky Flame             Conj/Fire      100%       2d11      1%          4
 Freezing Cloud           Conj/Ice/Air   24%        6-21      1%          5
 Irradiate                Conj/Tmut      28%        3d21      1%          5
 Iskenderun's Battlesphe  Conj           78%        2d13      1%          5
 Lightning Bolt           Conj/Air       28%        1d45      1%          5
 Confusing Touch          Hex            24%        N/A       2%          3
 Swiftness                Air            24%        N/A       2%          3
 Tukima's Dance           Hex            24%        N/A       2%          3
 Vampiric Draining        Necr           24%        2d7       2%          3
 Airstrike                Air            12%        0-5+      2%          4
 Olgreb's Toxic Radiance  Pois           24%        N/A       2%          4
 Passage of Golubria      Tloc           34%        N/A       3%          4
 Summon Forest            Summ/Tloc      20%        N/A       4%          5
 Yara's Violent Unravell  Hex/Tmut       12%        3d7       6%          5
 Leda's Liquefaction      Hex/Erth       12%        N/A       8%          4
 Summon Mana Viper        Hex/Summ       36%        N/A       8%          5
 Manifold Assault         Tloc           34%        N/A       9%          5
 Alistair's Intoxication  Tmut/Pois      16%        N/A       21%         5
 Borgnjor's Vile Clutch   Necr/Erth      12%        N/A       21%         5
 Conjure Ball Lightning   Conj/Air       28%        3x3d8     1%          6
 Iron Shot                Conj/Erth      28%        9d6       1%          6
 Summon Cactus Giant      Summ           24%        N/A       14%         6
 Eringya's Noxious Bog    Tmut/Pois      12%        N/A       28%         6
 Fire Storm               Conj/Fire      73%        8d18      36%         9
 Dispersal                Tloc           17%        N/A       43%         6
 Lehudib's Crystal Spear  Conj/Erth      28%        10d8      47%         8
 Simulacrum               Ice/Necr       12%        N/A       71%         6
 Ozocubu's Refrigeration  Ice            12%        4d7       77%         7
 Enfeeble                 Hex            12%        N/A       99%         7
 Chain Lightning          Conj/Air       28%        3d38      99%         9
 Discord                  Hex            12%        N/A       100%        8
 Dragon's Call            Summ           24%        N/A       100%        9
 Polar Vortex             Ice            12%        N/A       100%        9


Dungeon Overview and Level Annotations

Branches:
Dungeon (15/15)            Temple (0/1) D:7            Lair (5/5) D:10
  Swamp (0/4) Lair:3        Snake (3/4) Lair:3        Slime (0/5) Lair:5
    Orc (2/2) D:10            Elf (1/3) Orc:2        Vaults (0/5) D:14
 Depths (0/4) D:15          IceCv (visited)         Volcano (visited)
Gauntlet (visited)

Altars:
Elyvilon
Fedhas
Hepliaklqana
Kikubaaqudgha
Makhleb
Okawaru
Sif Muna
Vehumet
The Shining One
Jiyva

Shops:
D:1 (   D:9 *   D:10 (   Orc:1 *   Orc:2 !:![


Innate Abilities, Weirdness & Mutations

You cannot wear most types of armour.
You are amphibious.
You can wear up to eight rings at the same time.
Your skin changes colour to match your surroundings (Stealth+).
Your rubbery body absorbs attacks. (AC +1, EV +1)
((You are camouflaged when in or above water. (Stealth+)))
You have tentacles for arms and can constrict up to eight enemies at once.


Message History

Press: ? - help, Shift-Dir - straight line, f - naga
Aim: a naga, wielding a +0 hand axe and wearing a +0 robe (wandering, hasn't noticed you)
You feel a huge surge of power!
The fireball explodes!
The fireball engulfs the naga!!!
You kill the naga!
Vehumet accepts your kill.
You feel your power returning.
You hear an angry hiss.
A shock serpent comes into view.
Casting: Fireball (safe; 1% risk of failure)
Confirm with . or Enter, or press ? or * to list all spells.
You summon a servant imbued with your destructive magic!
The shock serpent shoots out a bolt of lightning at you!
The bolt of electricity hits you!! The bolt of electricity misses you.
The shock serpent shoots out a bolt of lightning at you!
The bolt of electricity misses you. x2
Casting: Spellforged Servitor (dangerous; 3% risk of failure)
Confirm with . or Enter, or press ? or * to list all spells.
Aiming: Fireball (safe; 1% risk of failure)
Press: ? - help, Shift-Dir - straight line, f - shock serpent
Aim: a shock serpent (ally target)
You feel a huge surge of power!
The fireball explodes!
The fireball engulfs the shock serpent!!
The shock serpent is severely wounded.
The shock serpent's electric aura discharges violently, shocking you!
You hear an angry hiss.
Your spellforged servitor launches a ball of destructive magic.
Unknown command.
The shock serpent bites you! The shock serpent shocks you!
Your orb of destruction hits a rock wall.
Casting: Fireball (safe; 1% risk of failure)
Confirm with . or Enter, or press ? or * to list all spells.
You feel a huge surge of power!
Flames lash the shock serpent.
The shock serpent is almost dead.
The shock serpent's fire resistance burns away.
The shock serpent's electric aura discharges, shocking you!
* * * LOW HITPOINT WARNING * * *
The shock serpent shoots out a bolt of lightning at you!
The bolt of electricity hits you!!
You die...

#.##.....# ..
####..# ... #.###
#. #...# #
#.#.#### #.#....#
#########...###
.###..#.# ###.#..#
........###..@####
#........##)#9S#
#.####....#..#○°#
##.#.#.####.#
##))...# ##
#.)..### ##.### .
###..#
....#....###


You could see a shock serpent (combustible, ally target) and a friendly
spellforged servitor (summoned).

Vanquished Creatures
  Mlioglotl (Snake:2)
  4 nagarajas
  A fire giant (D:13)
  A deep elf elementalist (Elf:1)
  A reaper (IceCv)
  A deep elf demonologist (Elf:1)
  Nessos (D:12)
  The ghost of Voker57 the Fighter, a journeyman DsGl of Vehumet (Lair:5)
  A minotaur (Gauntlet)
  A fire dragon (D:13)
  2 ettins
  The ghost of Ijustatesigmund the Destroyer, a journeyman OpEE of Cheibriados (D:13)
  A deep elf high priest (Elf:1)
  A great orb of eyes (Gauntlet)
  2 vault guards
  Erolcha (Orc:1)
  An anaconda (Snake:2)
  11 hydras
  5 boulder beetles
  A merfolk avatar (Lair:5)
  A catoblepas (Lair:2)
  5 centaur warriors
  5 two-headed ogres
  2 dancing weapons
  7 naga warriors
  Urug (Orc:2)
  4 tengu warriors (D:13)
  3 naga sharpshooters
  3 orc high priests (Orc:2)
  4 shock serpents
  A deep troll earth mage (D:13)
  Sonja (D:10)
  A deep elf knight (Elf:1)
  3 skeletal warriors (D:11)
  Lodul (D:10)
  A sea snake (Lair:5)
  4 deep elf archers
  A glowing orange brain (shapeshifter) (D:8)
  3 naga ritualists
  Pikel (D:5)
  A harpy (Lair:5)
  7 wizards
  6 orc knights
  10 mana vipers
  2 deep elf zephyrmancers
  7 ugly things
  4 orc sorcerers
  A wolf spider (D:15)
  4 oklob plants (D:12)
  10 deep elf pyromancers
  8 manticores
  5 cyclopes
  18 elephants
  A moth of wrath (shapeshifter) (D:15)
  2 salamanders (Snake:2)
  5 toenail golems (Volcano)
  3 ice statues
  Joseph (D:9)
  2 guardian serpents
  20 black mambas
  10 cane toads
  14 naga magi
  A gargoyle (D:10)
  7 rime drakes
  Maggie (D:9)
  10 komodo dragons
  7 tengu conjurers
  2 freezing wraiths
  4 unseen horrors
  5 ice devils (IceCv)
  2 efreet
  3 trolls
  2 wind drakes (Lair:5)
  A hornet (shapeshifter) (D:13)
  2 polar bears (Lair:4)
  Grinder (D:6)
  2 hornets (Lair:5)
  A raiju (shapeshifter) (D:14)
  7 dream sheep (Lair:3)
  4 blink frogs
  A blink frog (shapeshifter) (D:14)
  8 slime creatures
  Sigmund (D:4)
  3 centaur simulacra (Gauntlet)
  A jumping spider (shapeshifter) (D:13)
  A vampire (D:12)
  7 wyverns
  2 air elementals (Elf:1)
  2 wraiths (D:10)
  2 shadows
  2 fire elementals (Elf:1)
  A human (shapeshifter) (D:8)
  27 yaks
  3 fire bats (Lair:2)
  5 basilisks
  3 death yak simulacra
  A redback (D:14)
  A warg (Orc:2)
  2 vampire mosquitoes (D:13)
  Edmund (D:5)
  Menkaure (D:6)
  2 steam dragons
  21 nagas
  An acid dragon (D:12)
  11 water moccasins
  A hydra simulacrum (Lair:5)
  A floating eye (D:12)
  24 orc warriors
  A meliai simulacrum (Gauntlet)
  3 ice beasts
  A black bear (D:6)
  15 ogres
  2 black mamba simulacra (Lair:5)
  15 wolves
  The ghost of anet the Grave Robber, an amateur DsNe (D:4)
  14 centaurs
  3 lemures (D:5)
  A phantom (D:6)
  2 kobold brigands
  9 bullfrogs
  A gnoll sergeant (D:9)
  3 scorpions
  A hornet simulacrum (Gauntlet)
  13 wights
  14 killer bees
  An elephant simulacrum (IceCv)
  2 dream sheep simulacra (Lair:5)
  2 torpor snail simulacra (Lair:5)
  11 howler monkeys
  3 hounds
  A komodo dragon simulacrum (Lair:5)
  5 jellies
  Crazy Yiuf (D:3)
  A gnoll bouda (D:6)
  19 orc priests
  5 iguanas
  14 orc wizards
  A wolf simulacrum (IceCv)
  12 gnolls
  12 adders
  A shadow imp (D:6)
  2 white imps
  3 ufetubi
  2 worms
  3 dart slugs
  68 orcs
  2 endoplasms
  3 giant cockroaches
  6 goblins
  8 hobgoblins
  13 jackals
  4 quokkas
  10 ball pythons
  3 bats
  3 frilled lizards
  19 kobolds
  9 rats
  3 bushes (D:12)
  A butterfly (Lair:3)
782 creatures vanquished.

Vanquished Creatures (collateral kills)
  2 salamander mystics
  A mana viper (Snake:2)
  6 salamanders
  A naga (Snake:2)
  5 foxfires (D:2)
15 creatures vanquished.

Vanquished Creatures (others)
  An orc wizard (Orc:2)
  561 foxfires
  37 fungi
  63 plants
  2 withered plants (Gauntlet)
664 creatures vanquished.

Grand Total: 1461 creatures vanquished

Notes
Turn   | Place    | Note
-------+----------+-------------------------------------------
     0 | D:1      | pikkel the Octopode Fire Elementalist began the quest for
                  | the Orb.
     0 | D:1      | Reached XP level 1. HP: 11/11 MP: 3/3
   135 | D:1      | Reached XP level 2. HP: 17/17 MP: 0/5
   154 | D:1      | Learned a level 2 spell: Scorch
   238 | D:1      | Found Nuif's Antique Weapon Shoppe.
   529 | D:1      | Reached XP level 3. HP: 21/21 MP: 4/6
   533 | D:1      | Learned a level 3 spell: Conjure Flame
   821 | D:1      | You fall into a shaft and drop 1 floor!
   955 | D:2      | Identified the +1 dagger "Grim" {vorpal, *Noise rPois
                  | Int+3}
  1111 | D:2      | Reached XP level 4. HP: 27/27 MP: 1/7
  2369 | D:3      | Reached skill level 3 in Spellcasting
  2369 | D:3      | Reached XP level 5. HP: 31/31 MP: 5/9
  2384 | D:3      | Learned a level 4 spell: Flame Wave
  2714 | D:3      | Found a runed translucent door.
  2715 | D:3      | Noticed Crazy Yiuf
  2722 | D:3      | Killed Crazy Yiuf
  3140 | D:3      | Found a faded altar of an unknown god.
  3231 | D:4      | Found a runed translucent gate.
  3231 | D:4      | Found a runed translucent gate.
  3236 | D:4      | Noticed anet's ghost (amateur DsNe)
  3257 | D:4      | Found a runed translucent gate.
  3258 | D:4      | Noticed an ogre
  3261 | D:4      | Killed an ogre
  3262 | D:4      | Reached XP level 6. HP: 36/36 MP: 4/11
  3729 | D:4      | Noticed Sigmund
  3736 | D:4      | Killed Sigmund
  3737 | D:4      | Reached skill level 4 in Spellcasting
  3737 | D:4      | Reached skill level 5 in Fire Magic
  3737 | D:4      | Reached XP level 7. HP: 37/41 MP: 4/13
  4018 | D:4      | Found an iron altar of Okawaru.
  4018 | D:4      | Found an ancient bone altar of Kikubaaqudgha.
  4019 | D:4      | Found a glowing golden altar of the Shining One.
  4363 | D:4      | Reached skill level 5 in Spellcasting
  4364 | D:4      | Killed anet's ghost
  4623 | D:5      | Entered Level 5 of the Dungeon
  4628 | D:5      | Noticed Pikel
  5013 | D:5      | Noticed Edmund
  5019 | D:5      | Reached XP level 8. HP: 17/46 MP: 5/16
  5217 | D:5      | Killed Pikel
  5218 | D:5      | Reached skill level 6 in Spellcasting
  5409 | D:5      | Found a radiant altar of Vehumet.
  5413 | D:5      | Found a blossoming altar of Fedhas.
  5418 | D:5      | Became a worshipper of Vehumet
  5420 | D:5      | Found a hazy altar of Hepliaklqana.
  5423 | D:5      | Found a burning altar of Makhleb.
  5425 | D:5      | Found a shimmering blue altar of Sif Muna.
  5430 | D:5      | Found a white marble altar of Elyvilon.
  5791 | D:5      | Reached XP level 9. HP: 35/51 MP: 12/19
  5945 | D:5      | Killed Edmund
  5946 | D:5      | Reached skill level 7 in Spellcasting
  6445 | D:6      | Noticed Menkaure
  6449 | D:6      | Killed Menkaure
  6496 | D:6      | Reached * piety under Vehumet
  6496 | D:6      | Offered knowledge of Shock by Vehumet.
  6818 | D:6      | Reached skill level 5 in Conjurations
  6825 | D:6      | Learned a level 6 spell: Starburst
  7041 | D:6      | Noticed Grinder
  7051 | D:6      | Killed Grinder
  7052 | D:6      | Reached skill level 8 in Spellcasting
  7462 | D:6      | Reached XP level 10. HP: 56/56 MP: 18/22
  7787 | D:7      | Offered knowledge of Sandblast by Vehumet.
  7910 | D:7      | Reached ** piety under Vehumet
  8110 | D:7      | Found a staircase to the Ecumenical Temple.
  8127 | D:7      | Reached skill level 1 in Fighting
  8771 | D:8      | Reached skill level 9 in Spellcasting
  8918 | D:8      | Offered knowledge of Static Discharge by Vehumet.
  8955 | D:8      | Noticed a torpor snail
  9113 | D:8      | Noticed a glowing orange brain
  9120 | D:8      | Killed a glowing orange brain
  9121 | D:8      | Reached skill level 10 in Spellcasting
  9505 | D:9      | Noticed Joseph
  9517 | D:9      | Killed Joseph
  9518 | D:9      | Reached skill level 1 in Evocations
  9519 | D:9      | Reached XP level 11. HP: 19/63 MP: 15/25
  9522 | D:9      | Reached *** piety under Vehumet
  9776 | D:9      | Reached skill level 11 in Spellcasting
 10116 | D:9      | Noticed a two-headed ogre
 10122 | D:9      | Killed a two-headed ogre
 10186 | D:9      | Found Tizxevva's General Store.
 10192 | D:9      | Bought a potion of curing for 42 gold pieces
 10192 | D:9      | Bought a scroll of teleportation for 42 gold pieces
 10192 | D:9      | Bought a wand of roots (5) for 168 gold pieces
 10231 | D:9      | Noticed Maggie
 10236 | D:9      | Killed Maggie
 10570 | D:8      | Offered knowledge of Fulminant Prism by Vehumet.
 10913 | D:9      | Learned a level 2 spell: Blink
 11201 | D:10     | Entered Level 10 of the Dungeon
 11219 | D:10     | Reached skill level 12 in Spellcasting
 11228 | D:10     | Noticed Lodul
 11235 | D:10     | Killed Lodul
 11244 | D:10     | Reached **** piety under Vehumet
 11306 | D:10     | Learned a level 4 spell: Iskenderun's Mystic Blast
 11337 | D:10     | Offered knowledge of Fireball by Vehumet.
 11344 | D:10     | Learned a level 5 spell: Fireball
 11746 | D:10     | Found Nievveseff's Weapon Shoppe.
 11746 | D:10     | Found a staircase to the Orcish Mines.
 11787 | D:10     | Noticed a cyclops
 11789 | D:10     | Killed a cyclops
 11790 | D:10     | Reached skill level 13 in Spellcasting
 11930 | D:10     | Found a staircase to the Lair.
 11944 | D:10     | Reached ***** piety under Vehumet
 11996 | D:10     | Offered knowledge of Lee's Rapid Deconstruction by Vehumet.
 12204 | D:10     | Noticed Sonja
 12206 | D:10     | Killed Sonja
 12207 | D:10     | Reached XP level 12. HP: 70/70 MP: 21/29
 12657 | D:11     | Found a gate leading to a gauntlet.
 12666 | Gauntlet | Entered a Gauntlet
 12666 | Gauntlet | Found a transporter.
 12666 | Gauntlet | Found a transporter.
 12691 | Gauntlet | Found a transporter.
 12691 | Gauntlet | Found a transporter.
 12700 | Gauntlet | Found a transporter.
 12719 | Gauntlet | Found a transporter.
 12729 | Gauntlet | Found a transporter.
 12729 | Gauntlet | Found a transporter.
 12733 | Gauntlet | Found a transporter.
 12760 | Gauntlet | Found a transporter.
 12761 | Gauntlet | Noticed a great orb of eyes
 12767 | Gauntlet | Found a transporter.
 12785 | Gauntlet | Found a transporter.
 12831 | Gauntlet | Found a transporter.
 12845 | Gauntlet | Found a transporter.
 12946 | Gauntlet | Found a transporter.
 12960 | Gauntlet | Found a transporter.
 13056 | Gauntlet | Identified the +1 helmet "Baihex" {rCorr Str+4}
 13196 | Gauntlet | Killed a great orb of eyes
 13428 | Gauntlet | Noticed a minotaur
 13431 | Gauntlet | Killed a minotaur
 13432 | Gauntlet | Reached skill level 1 in Short Blades
 13467 | Gauntlet | Got Sif Muna's Enchiridion on the Chill and the Pyre
 13763 | D:11     | Reached skill level 14 in Spellcasting
 14284 | D:11     | Noticed a two-headed ogre
 14287 | D:11     | Killed a two-headed ogre
 14417 | D:11     | Noticed a two-headed ogre
 14426 | D:11     | Killed a two-headed ogre
 14783 | D:12     | Reached skill level 1 in Translocations
 14883 | D:12     | Reached XP level 13. HP: 72/76 MP: 23/31
 14933 | D:12     | Noticed Nessos
 14936 | D:12     | Killed Nessos
 15066 | D:12     | Noticed a vault guard
 15069 | D:12     | Killed a vault guard
 15124 | D:12     | Reached skill level 15 in Spellcasting
 15124 | D:12     | Reached skill level 10 in Conjurations
 15936 | D:12     | Found a portal to a secret trove of treasure.
 16505 | D:13     | Reached skill level 10 in Fire Magic
 16806 | D:13     | Offered knowledge of Orb of Destruction by Vehumet.
 17010 | D:13     | Learned a level 7 spell: Orb of Destruction
 17163 | D:13     | Noticed an ettin
 17163 | D:13     | Noticed a fire dragon
 17173 | D:13     | Killed an ettin
 17177 | D:13     | Killed a fire dragon
 17409 | D:13     | Noticed a fire giant
 17413 | D:13     | Killed a fire giant
 17414 | D:13     | Reached XP level 14. HP: 57/81 MP: 13/33
 17946 | Orc:1    | Entered Level 1 of the Orcish Mines
 17974 | Orc:1    | Noticed Erolcha
 17977 | Orc:1    | Reached skill level 16 in Spellcasting
 17980 | Orc:1    | Killed Erolcha
 18321 | Orc:1    | Found Cioshea's CLEARANCE SALE!.
 18330 | Orc:1    | Bought a scroll of magic mapping for 30 gold pieces
 18566 | Orc:2    | Entered Level 2 of the Orcish Mines
 18588 | Orc:2    | Found a frozen archway.
 18597 | IceCv    | Entered an ice cave
 18598 | IceCv    | Offered knowledge of Conjure Ball Lightning by Vehumet.
 18958 | IceCv    | Noticed a reaper
 18961 | IceCv    | Killed a reaper
 18964 | IceCv    | Got the Tome of the Glacier
 19375 | Orc:2    | Noticed Urug
 19378 | Orc:2    | Killed Urug
 20109 | Orc:2    | Found Noinn's Armour Emporium.
 20109 | Orc:2    | Found Asaesedgh's Distillery.
 20111 | Orc:2    | Found Vaidiolet's Distillery.
 20111 | Orc:2    | Found Lagroywy's Book Boutique.
 20119 | Orc:2    | Bought 2 potions of curing for 90 gold pieces
 20119 | Orc:2    | Bought a potion of curing for 45 gold pieces
 20119 | Orc:2    | Bought a potion of curing for 45 gold pieces
 20122 | Orc:2    | Bought a potion of resistance for 110 gold pieces
 20122 | Orc:2    | Bought a potion of magic for 88 gold pieces
 20122 | Orc:2    | Bought a potion of curing for 33 gold pieces
 20122 | Orc:2    | Bought a potion of curing for 33 gold pieces
 20125 | Orc:2    | Bought a potion of resistance for 150 gold pieces
 20125 | Orc:2    | Bought a potion of haste for 150 gold pieces
 20125 | Orc:2    | Bought a potion of heal wounds for 75 gold pieces
 20255 | Orc:2    | Found a staircase to the Elven Halls.
 20405 | Elf:1    | Entered Level 1 of the Elven Halls
 20405 | Elf:1    | Noticed a deep elf demonologist
 20407 | Elf:1    | Noticed a balrug
 20407 | Elf:1    | Killed a deep elf demonologist
 20848 | Elf:1    | Noticed a deep elf elementalist
 20851 | Elf:1    | Paralysed by an air elemental for 1 turns
 20852 | Elf:1    | Offered knowledge of Irradiate by Vehumet.
 20854 | Elf:1    | Killed a deep elf elementalist
 20926 | Elf:1    | Paralysed by an air elemental for 1 turns
 20928 | Elf:1    | Reached skill level 17 in Spellcasting
 20929 | Elf:1    | Reached XP level 15. HP: 70/88 MP: 26/36
 21048 | Lair:1   | Entered Level 1 of the Lair of Beasts
 21721 | Lair:2   | Found a dark tunnel.
 21775 | Volcano  | Entered a volcano
 22204 | Volcano  | Reached skill level 5 in Dodging
 23672 | Lair:3   | Found a staircase to the Swamp.
 24324 | Lair:3   | Found the +3 pair of seven-league boots {Rampage+∞}
 24381 | Lair:3   | Found a staircase to the Snake Pit.
 24706 | Lair:4   | Reached ****** piety under Vehumet
 25834 | Lair:5   | Entered Level 5 of the Lair of Beasts
 26218 | Lair:5   | Offered knowledge of Ozocubu's Refrigeration by Vehumet.
 26408 | Lair:5   | Found a staircase to the Slime Pits.
 26408 | Lair:5   | Found a viscous altar of Jiyva.
 26442 | Lair:5   | Found a runed translucent gate.
 26442 | Lair:5   | Found a runed translucent gate.
 26442 | Lair:5   | Found a runed translucent gate.
 26494 | Lair:5   | Reached XP level 16. HP: 93/93 MP: 25/37
 26619 | Lair:5   | Reached skill level 18 in Spellcasting
 26934 | Lair:5   | Identified a scroll of acquirement
 26934 | Lair:5   | Acquired the Vellum of the Barrage
 26944 | Lair:5   | Learned a level 7 spell: Spellforged Servitor
 27195 | Lair:5   | Noticed Voker57's ghost (journeyman DsGl)
 27225 | Lair:5   | Killed Voker57's ghost
 27575 | D:12     | You paid a toll of 14 potions of curing to enter a treasure
                  | trove
 27576 | Trove    | Entered a treasure trove
 27581 | Trove    | Got Sif Muna's Octavo of Remoulded Assembling
 27590 | Trove    | Got the Quarto of the Impact
 27606 | Trove    | Got Sif Muna's Octavo of Hurting
 27619 | Trove    | Got the Tractate on the Vexing Snowflakes
 27622 | Trove    | Got the Volume of Energetic Superposition
 27657 | Trove    | Learned a level 8 spell: Ignition
 27780 | D:14     | Reached skill level 1 in Summonings
 28004 | D:13     | Found a runed translucent gate.
 28004 | D:13     | Found a runed translucent gate.
 28005 | D:13     | Found a runed translucent gate.
 28006 | D:13     | Noticed Ijustatesigmund's ghost (journeyman OpEE)
 28008 | D:13     | Found an iron altar of Okawaru.
 28011 | D:13     | Reached skill level 1 in Shields
 28013 | D:13     | Killed Ijustatesigmund's ghost
 28016 | D:13     | Offered knowledge of Lee's Rapid Deconstruction by Vehumet.
 28411 | D:14     | Found a glowing golden altar of the Shining One.
 29019 | D:14     | Found a gate to the Vaults.
 29069 | D:15     | Entered Level 15 of the Dungeon
 29557 | D:15     | Found a staircase to the Depths.
 29996 | Snake:1  | Entered Level 1 of the Snake Pit
 30318 | Snake:1  | Noticed a nagaraja
 30322 | Snake:1  | Killed a nagaraja
 31094 | Snake:2  | Reached XP level 17. HP: 99/99 MP: 39/39
 31271 | Snake:2  | Noticed Mlioglotl
 31276 | Snake:2  | Killed Mlioglotl
 31419 | Snake:2  | Identified the amulet of Lulitu {Acrobat Will+ Int-4 Dex+3}
 31424 | Snake:2  | Reached skill level 19 in Spellcasting
 31432 | Snake:2  | Reached skill level 5 in Summonings
 31654 | Snake:2  | Offered knowledge of Maxwell's Capacitive Coupling by
                  | Vehumet.
 31990 | Snake:2  | Reached skill level 15 in Fire Magic
 32148 | Snake:2  | Reached skill level 5 in Shields
 32652 | Snake:3  | Killed from afar by a shock serpent

Illustrated notes

Levels and vault maps discovered:
D:1:      amcnicky_arrival_flooded_fountain, layout_basic, serial_shops,
          nicolae_shop_advertising_works [nicolae_subvault_shop_adworks],
          minmay_split_cup_large
D:2:      layout_loops_cross, serial_bayou_pond_d
D:3:      layout_rooms, shapermc_ecumenical_altar_hornbeckon,
          uniq_crazy_yiuf_cottage
D:4:      layout_loops_cross, nicolae_overflow_hidden_temple,
          gammafunk_ghost_nasty_kobolds, minmay_close_crescents, uniq_sigmund
D:5:      layout_gridville, nicolae_overflow_hallway_of_the_gods,
          corexii_corridor_pit, kennysheep_generic_room_4, uniq_pikel,
          uniq_edmund
D:6:      layout_gridville, uniq_grinder, uniq_menkaure
D:7:      layout_cave_pools, minmay_temple_entry_waves
D:8:      wad_statue_garden, layout_cave_pods, small_statue_intersection
D:9:      layout_stronghold, serial_shops, shop, uniq_maggie, uniq_joseph
D:10:     layout_basic, lair_entry_dummy, orc_david_3, serial_glass,
          glass_columns_b, glass_columns_a, glass_columns_a, glass_columns_a,
          lightli_minifort, uniq_lodul, uniq_sonja
D:11:     layout_layer_cave, gauntlet_entry_generic, minmay_misc_feat_pillars
D:12:     layout_basic, enter_trove_5, disabler_island, uniq_nessos
D:13:     minmay_sliced_demisemicircle, layout_stronghold,
          gammafunk_ghost_fury_of_okawaru
D:14:     layout_roguey, david_vaults_5, minivault_4, tso_oasis_becter
D:15:     hangedman_depths_entry_try_elsewhere_first, layout_rooms,
          minmay_misc_feat_ornament
Lair:1:   layout_roguey, grunt_megastairs_5
Lair:2:   layout_gridlike, nicolae_volcano_entry_batcave
Lair:3:   layout_roguey, swamp_mist, dummy_snake_entry,
          grunt_forest_small_clearings, st_stairs_5, nicolae_lair_lil_pond,
          hellmonk_guarded_unrand_seven_league_boots, lemuel_fruit_fields
Lair:4:   layout_layer_cave, serial_bayou_crossing, infiniplex_staircase_pool_2
Lair:5:   gammafunk_lair_ancient_temple, layout_loops_ring, slime_entry_1,
          gammafunk_ghost_icy
Snake:1:  layout_rooms
Snake:2:  layout_onion_interference, nicolae_snake_storage_room, uniq_mlioglotl
Snake:3:  layout_onion_interference
Orc:1:    layout_caves, nicolae_shop_clearance, uniq_erolcha
Orc:2:    grunt_orc_tribal_feast, layout_caves, portal_ice_cave_entry_pillars_2,
          uniq_urug
Elf:1:    elf_arrival_002, layout_geoelf_octagon, minivault_28

Skill      XL: |  1  2  3  4  5  6  7  8  9 10 11 12 13 14 15 16 17 |
---------------+----------------------------------------------------+-----
Fire Magic     | 4 5 7 9 10 12 13 14 15 | 15.2
Spellcasting   | 3 4 5 6 8 10 13 14 15 17 18 19 | 19.3
Conjurations   | 2 3 4 5 6 7 9 11 12 13 14 | 14.6
Dodging        | 3 4 5 |  5.1
Fighting       | 1 2 3 |  3.4
Evocations     | 1 2 3 |  3.3
Short Blades   | 1 |  1.3
Translocations | 1 2 |  2.0
Stealth        | 4 |  4.2
Summonings     | 4 5 |  5.1
Shields        | 3 5 |  5.0

Action                   |  1- 3 |  4- 6 |  7- 9 | 10-12 | 13-15 | 16-18 || total
-------------------------+-------+-------+-------+-------+-------+-------++-------
Melee: Unarmed           |    25 |       |       |       |       |       ||    25
       Tentacles         |     9 |     1 |     2 |    15 |    10 |       ||    37
       Constrict         |    10 |     1 |     1 |     7 |     8 |       ||    27
       Dagger            |     1 |     8 |     2 |    30 |    23 |       ||    64
       Punch             |       |       |       |     3 |     1 |       ||     4
 Cast: Foxfire           |    39 |    53 |   121 |    92 |    19 |       ||   324
       Scorch            |     4 |    20 |    60 |   113 |    27 |     4 ||   228
       Flame Wave        |       |       |     5 |     7 |       |       ||    12
       Conjure Flame     |       |       |       |     5 |       |     1 ||     6
       Fireball          |       |       |       |    37 |   272 |   120 ||   429
       Starburst         |       |       |       |    25 |    34 |     4 ||    63
       Iskenderun's Myst |       |       |       |     4 |     9 |     6 ||    19
       Blink             |       |       |       |     1 |     1 |       ||     2
       Orb of Destructio |       |       |       |       |     8 |     4 ||    12
       Ignition          |       |       |       |       |       |    49 ||    49
       Spellforged Servi |       |       |       |       |       |     8 ||     8
Evoke: Wand              |       |       |     4 |     6 |    10 |     1 ||    21
       Phial of floods   |       |       |       |     1 |       |     1 ||     2
       Tin of tremorston |       |       |       |       |     2 |     1 ||     3
       Phantom mirror    |       |       |       |       |     1 |       ||     1
  Use: Scroll            |       |    12 |     1 |    11 |     4 |     2 ||    30
       Potion            |       |       |     1 |     1 |     1 |       ||     3
 Stab: Sleeping          |     1 |       |       |       |       |       ||     1
Armor: Skin              |     1 |       |     2 |       |     4 |     3 ||    10
Dodge: Dodged            |    16 |    14 |    37 |    54 |    58 |    35 ||   214

Table legend: (Time is in decaauts)
 A = Elapsed time spent in this place.
 B = Non-inter-level travel time spent in this place.
 C = Inter-level travel time spent in this place.
 D = Time resting spent in this place.
 E = Time spent auto-exploring this place.
 F = Levels seen in this place.
 G = Mean time per level.
                   A        B        C        D        E       F      G
               +--------+--------+--------+--------+--------+-----+--------+
         Total |  32634 |  30697 |   1937 |   2233 |  24867 |  30 | 1087.8 |
       Dungeon |  19444 |  18144 |   1300 |    784 |  15335 |  15 | 1296.3 |
          Lair |   5646 |   5305 |    341 |    362 |   4494 |   5 | 1129.2 |
     Snake Pit |   2655 |   2553 |    102 |    502 |   1775 |   3 |  885.0 |
  Orcish Mines |   2057 |   1891 |    166 |    183 |   1446 |   2 | 1028.5 |
   Elven Halls |    492 |    466 |     26 |      0 |    409 |   1 |  492.0 |
         Trove |     87 |     87 |      0 |      0 |     56 |   1 |   87.0 |
      Ice Cave |    530 |    530 |      0 |    266 |     53 |   1 |  530.0 |
       Volcano |    846 |    846 |      0 |    136 |    608 |   1 |  846.0 |
      Gauntlet |    872 |    872 |      0 |      0 |    691 |   1 |  872.0 |
               +--------+--------+--------+--------+--------+-----+--------+

Top non-repeatable levels by time:
    D:13: 2266 daAuts
     D:4: 1832 daAuts
     D:8: 1681 daAuts
  Lair:4: 1674 daAuts
    D:10: 1518 daAuts
 Snake:2: 1423 daAuts
     D:5: 1366 daAuts
    D:11: 1335 daAuts
   Orc:2: 1319 daAuts
    D:12: 1296 daAuts
  Lair:5: 1265 daAuts
     D:6: 1239 daAuts
     D:9: 1138 daAuts
     D:3: 1112 daAuts
     D:1: 1094 daAuts
